 Dungeon Crawl Stone Soup version 0.24.0-37-gcf1ca852f1 (webtiles) character file.

Game seed: 13951721684546507468, levelgen mode: deterministic

61 Mrkan the Chucker (level 3, 0/35 HPs)
             Began as a Troll Hunter on Nov 25, 2019.
             Slain by a worm (11 damage)
             ... on level 2 of the Dungeon.
             The game lasted 00:02:52 (976 turns).

Mrkan the Chucker (Troll Hunter)                     Turns: 976, Time: 00:02:52

Health: 0/35       AC:  6    Str: 20    XL:     3   Next: 83%
Magic:  2/2        EV: 10    Int:  8    God:
Gold:   128        SH:  0    Dex: 10    Spells: 2/2 levels left

rFire    . . .     SeeInvis .     - Unarmed
rCold    . . .     Gourm    +   (no shield)
rNeg     . . .     Faith    .   b - +0 robe
rPois    .         Spirit   .   (helmet restricted)
rElec    .         Reflect  .   (no cloak)
rCorr    .         Harm     .   (gloves unavailable)
MR       .....                  (boots unavailable)
Stlth    +.........             (no amulet)
HPRegen  0.51/turn              (no ring)
MPRegen  0.08/turn              (no ring)

@: no status effects
A: large, unfitting armour, claws 3, fast metabolism 3, gourmand, regeneration
1, shaggy fur 1, tough skin 3
a: no special abilities


You were on level 2 of the Dungeon.
You were full.

You visited 1 branch of the dungeon, and saw 2 of its levels.

You collected 128 gold pieces.

Inventory:

Missiles
 c - 5 large rocks (quivered)
 d - 2 throwing nets
Armour
 b - a +0 robe (worn)
Jewellery
 g - an uncursed ring of fire {unknown}
 l - an uncursed ring of magical power {unknown}
Scrolls
 a - 3 scrolls of fog {unknown}
 j - 4 scrolls of identify {unknown}
 m - a scroll of enchant armour {unknown}
 n - a scroll of teleportation {unknown}
 p - a scroll of fear {unknown}
 q - a scroll of remove curse {unknown}
Potions
 e - a potion of brilliance {unknown}
 h - a potion of heal wounds {unknown}
 i - a potion of curing
 k - a potion of agility {unknown}
 o - a potion of invisibility {unknown}
Comestibles
 f - 7 rations


   Skills:
 + Level 2.3 Fighting
 - Level 3.6 Throwing
 - Level 1.5 Dodging
 - Level 0.3 Stealth
 * Level 2.9 Unarmed Combat


You had 2 spell levels left.
You didn't know any spells.
Your spell library was empty.

Dungeon Overview and Level Annotations

Branches:
Dungeon (2/15)

Altars:


Innate Abilities, Weirdness & Mutations

You are too large for most types of armour.
You have claws for hands.
Your metabolism is lightning-fast.
You like to eat raw meat.
Your natural rate of healing is unusually fast.
You are covered in fur. (AC +1)
You have extremely tough skin. (AC +3)


Message History

The kobold hits you but does no damage. The kobold hits you but does no damage.
The worm bites you.
* * * LOW HITPOINT WARNING * * *
Items here: ( ))) ÷ a +0 club; a +0 dagger; a +0 hunting sling; 15 stones; a hobgoblin skeleton
There is a stone staircase leading down here.
You closely miss the kobold. The kobold completely misses you.
You closely miss the kobold. The kobold closely misses you.
You claw the kobold!
You kill the kobold!
You barely miss the hobgoblin. The hobgoblin misses you.
You claw the hobgoblin!
You kill the hobgoblin!
Things that are here:
a +0 club; a hobgoblin corpse The worm bites you.
Items here: ( ))) ÷ a +0 club; a +0 dagger; a +0 hunting sling; 15 stones; a hobgoblin skeleton The worm bites you!
You die...

.......).....#.#
#.##..####
.....#......w..#
#.##...###
####.##....##..#
#......... #.##.#####..#
####.###...
.....###...#### ##....#
#### .#####...#....#
#..#### # #######
#...#.>..# #.## #
......###...#..gw#####.#
#####.......##..@))>...#
#####...##...#######
#...##...# #...##...#
#...##...# ##########


You could see a worm and a hobgoblin.

Vanquished Creatures
  An adder (D:2)
  A worm (D:2)
  3 dart slugs
  A leopard gecko (D:1)
  6 bats
  A giant cockroach (D:2)
  5 goblins
  6 hobgoblins
  9 kobolds
  A frilled lizard (D:1)
  6 rats (D:1)
40 creatures vanquished.

Notes
Turn   | Place    | Note
-------+----------+-------------------------------------------
     0 | D:1      | Mrkan the Troll Hunter began the quest for the Orb.
     0 | D:1      | Reached XP level 1. HP: 19/19 MP: 0/0
    85 | D:1      | Reached skill level 1 in Unarmed Combat
   112 | D:1      | Reached XP level 2. HP: 27/28 MP: 1/1
   786 | D:2      | Reached XP level 3. HP: 32/35 MP: 2/2
   976 | D:2      | Slain by a worm

Levels and vault maps discovered:
D:1:      minmay_arrival_arboretum_small, layout_loops_ring
D:2:      layout_rooms

Skill      XL: |  1  2 |
---------------+-------+-----
Unarmed Combat | 1 2 |  2.9
Fighting       | 2 |  2.3
Throwing       | |  3.6
Dodging        | |  1.5
Stealth        | |  0.3

Action                   || total
-------------------------++-------
Melee: Unarmed           ||   123
       Punch             ||     2
  Eat: Chunk             ||    12
Armor: Robe              ||    54
Dodge: Dodged            ||    88
